 Dungeon Crawl Stone Soup version 0.20.1-1-g8b1a95d (webtiles) character file.

110 Gerstahl the Skirmisher (level 4, -13/44 HPs)
             Began as a Naga Skald on Nov 28, 2017.
             Killed from afar by Ijyb (27 damage)
             ... with a wand of lightning (?/15)
             ... on level 3 of the Dungeon.
             The game lasted 00:07:48 (2934 turns).

Gerstahl the Skirmisher (Naga Skald)                Turns: 2934, Time: 00:07:49

Health: -13/44     AC:  2    Str: 15    XL:     4   Next: 91%
Magic:  2/7        EV:  9    Int: 13    God:
Gold:   104        SH:  0    Dex: 10    Spells: 6/7 levels left

rFire    . . .     SeeInvis +   a - +0 falchion
rCold    . . .     Gourm    .   (no shield)
rNeg     . . .     Faith    .   b - +0 leather armour
rPois    +         Spirit   .   (no helmet)
rElec    .         Reflect  .   (no cloak)
rCorr    +         Harm     .   (no gloves)
MR       .....                  (no barding)
Stlth    +.........             (no amulet)
Regen    0.2/turn               i - ring of resist corrosion
MPRegen  0.1/turn               (no ring)

@: infused, very slow
A: see invisible, deformed body, poison resistance, slowness 2, slow metabolism
1, spit poison 1, AC +1
a: Spit Poison


You were on level 3 of the Dungeon.
You were very hungry.

You visited 1 branch of the dungeon, and saw 3 of its levels.

You collected 104 gold pieces.

Inventory:

Hand Weapons
 a - a +0 falchion (weapon)
Armour
 b - a +0 leather armour (worn)
Jewellery
 i - a ring of resist corrosion (left hand)
 n - an uncursed ring of protection from magic {unknown}
 o - a +3 ring of intelligence {unknown}
Scrolls
 f - 3 scrolls of remove curse {unknown}
 g - 4 scrolls of teleportation {unknown}
 j - 2 scrolls of fog {unknown}
 l - 3 scrolls of identify {unknown}
 m - a scroll of blinking {unknown}
 q - a scroll of noise {unknown}
 r - a scroll of recharging {unknown}
Potions
 e - a potion of haste {unknown}
 h - 2 potions of flight {unknown}
 k - a potion of invisibility {unknown}
 p - a potion of curing {unknown}
 t - a potion of brilliance {unknown}
Books
 c - a book of Battle

   Spells                             Type                      Level
   a - Infusion                       Charms                       1
   b - Shroud of Golubria             Charms/Translocation         2
   c - Song of Slaying                Charms                       2
   d - Spectral Weapon                Hexes/Charms                 3
   e - Regeneration                   Charms/Necromancy            3
Comestibles
 d - 2 bread rations
 s - a meat ration


   Skills:
 + Level 3.8 Fighting
 + Level 3.6 Long Blades
 - Level 0.7 Armour
 - Level 1.5 Dodging
 - Level 2.0 Spellcasting
 - Level 3.0 Charms


You had 6 spell levels left.
You knew the following spells:

 Your Spells              Type           Power        Failure   Level  Hunger
a - Infusion              Chrm           #...         9%          1    ##.....


Dungeon Overview and Level Annotations

Branches:
Dungeon (3/15)

Altars:
Hepliaklqana
Qazlal
Trog

Annotations:
D:3 Ijyb


Innate Abilities, Weirdness & Mutations

You cannot wear boots.
Your serpentine skin is tough. (AC +1)
You have supernaturally acute eyesight. (SInv)
Armour fits poorly on your strangely shaped body.
Your system is resistant to poisons. (rPois)
You cover ground very slowly.
You have a slow metabolism.
You can spit poison.


Message History

The splash of poison misses Ijyb.
You feel slightly more hungry. Ijyb hits you but does no damage.
You hit Ijyb but do no damage.
Ijyb is almost dead.
Ijyb hits you with a dagger.
You hit Ijyb.
Ijyb is almost dead.
Ijyb hits you with a dagger.
You hit Ijyb but do no damage.
Ijyb is almost dead.
Ijyb hits you but does no damage. Ijyb hits you with a dagger.
You closely miss Ijyb.
Ijyb is almost dead.
You have got your breath back.
Ijyb hits you but does no damage.
You hit Ijyb.
Ijyb is almost dead.
Ijyb zaps a wand.
The bolt of lightning hits you!
Ouch! That really hurt!
You die...

#.............#
#.###########.# #.#
#....#### #.# #.#......
##.## ###.....###
########...#####.....#.)..
.................##....##.
########...####..##.#.####
##@## #..#..#>####
#<..g.................
#.###.########.##.####
#.......).....####
....######.#((.... ###.
####.#.##### . #....#.# #
.# #......# # #>.....# #


You could see Ijyb.

Vanquished Creatures
  A jelly (D:3)
  A worm (D:2)
  4 dart slugs
  4 leopard geckos
  2 ball pythons
  6 bats
  3 giant cockroaches
  7 goblins
  9 hobgoblins
  6 jackals
  6 kobolds
  A quokka (D:2)
  3 frilled lizards (D:1)
  11 rats
64 creatures vanquished.

Notes
Turn   | Place    | Note
-------+----------+-------------------------------------------
     0 | D:1      | Gerstahl the Naga Skald began the quest for the Orb.
     0 | D:1      | Reached XP level 1. HP: 19/19 MP: 3/3
   347 | D:1      | Reached XP level 2. HP: 13/27 MP: 0/5
   785 | D:1      | Reached XP level 3. HP: 32/33 MP: 6/6
  1703 | D:2      | Found a hazy altar of Hepliaklqana.
  2031 | D:2      | Reached XP level 4. HP: 42/42 MP: 7/7
  2384 | D:2      | Found a bloodstained altar of Trog.
  2766 | D:3      | Found a stormy altar of Qazlal.
  2921 | D:3      | Noticed Ijyb
  2934 | D:3      | Killed from afar by Ijyb

Skill      XL: |  1  2  3 |
---------------+----------+-----
Fighting       | 3 |  3.8
Long Blades    | 3 |  3.6
Armour         | |  0.7
Dodging        | |  1.5
Spellcasting   | |  2.0
Charms         | |  3.0

Action                   |  1- 3 |  4- 6 || total
-------------------------+-------+-------++-------
Melee: Falchion          |    87 |    46 ||   133
 Cast: Infusion          |     9 |     4 ||    13
 Abil: Spit Poison       |    19 |    15 ||    34
  Eat: Chunk             |     3 |     3 ||     6
Armor: Leather armour    |    28 |    16 ||    44
Dodge: Dodged            |    69 |    27 ||    96
       Rpst.: Falchion   |    25 |     6 ||    31
